 Dungeon Crawl Stone Soup version 0.30-a0-591-g3c58d2bc28 (webtiles) character file.

Game seed: 1613981600947140296

4753 OTABOTABOTAB the Thaumaturge (level 10, -6/50 HPs)
             Began as a Deep Elf Conjurer on Jan 5, 2023.
             Was a Follower of Vehumet.
             Killed by an exploding fulminant prism (28 damage)
             ... on level 10 of the Dungeon.
             The game lasted 00:16:52 (10220 turns).

OTABOTABOTAB the Thaumaturge (Deep Elf Conjurer)   Turns: 10220, Time: 00:16:52

Health: -6/50      AC:  8    Str:  4    XL:     10   Next: 23%
Magic:  13/29      EV: 12    Int: 28    God:    Vehumet [*.....]
Gold:   482        SH:  0    Dex: 13    Spells: 24/35 levels left

rFire   + . .      SeeInvis .    l - staff of air {rElec}
rCold   . . .      Faith    .    (no shield)
rNeg    . . .      Spirit   .    t - +2 robe {rF+}
rPois   .          Reflect  .    q - +0 helmet
rElec   +          Harm     .    n - +1 cloak
rCorr   .          Rampage  .    (no gloves)
Will    +....                    k - +0 pair of boots
Stlth   ++                       (no amulet)
HPRegen 0.28/turn                Z - ring of wizardry {Wiz+, !d}
MPRegen 0.21/turn                (no ring)

@: no status effects
A: no striking features
a: Renounce Religion


You were on level 10 of the Dungeon.
You worshipped Vehumet.
Vehumet was aware of your devotion.
You visited 2 branches of the dungeon, and saw 11 of its levels.

You collected 482 gold pieces.

Inventory:

Missiles
 a - 3 boomerangs
 h - 2 poisoned darts
 p - 8 javelins
 s - 74 stones
Armour
 k - a +0 pair of boots (worn)
   (You found it on level 6 of the Dungeon)
 n - a +1 cloak (worn)
   (You found it on level 2 of the Dungeon)
 q - a +0 helmet (worn)
   (You found it on level 4 of the Dungeon)
 t - a +2 robe of fire resistance (worn)
   (You took it off Erica on level 8 of the Dungeon)
Magical Staves
 l - a staff of air (weapon) {rElec}
   (You found it on level 2 of the Dungeon)
Jewellery
 Z - a ring of wizardry (left hand) {Wiz+, !d}
   (You found it on level 4 of the Dungeon)
Wands
 d - a wand of digging (4)
   (You took it off Blork the orc on level 6 of the Dungeon)
 e - a wand of charming (6)
   (You found it on level 4 of the Dungeon)
 m - a wand of roots (7)
   (You found it on level 7 of the Dungeon)
 x - a wand of quicksilver (9)
   (You found it on level 5 of the Dungeon)
Scrolls
 c - 2 scrolls of noise {!r}
 j - 2 scrolls of poison {!r}
 o - 3 scrolls of butterflies
 r - 3 scrolls of identify {@r1}
 D - a scroll of blinking {!r}
 E - 2 scrolls of fear
 X - 2 scrolls of magic mapping {@r4!r}
 Y - 9 scrolls of teleportation {@r3}
Potions
 b - 5 potions of attraction {!q}
 f - 5 potions of might
 g - a potion of degeneration {unknown}
 G - a potion of ambrosia {!q}
 J - 7 potions of curing {@q1}
 M - 2 potions of magic
 N - a potion of heal wounds {@q2}
 P - a potion of lignification {!q}
 R - a potion of resistance
 U - a potion of mutation {!q}


   Skills:
 - Level 2.4 Dodging
 - Level 2.4 Stealth
 + Level 13.2 Spellcasting
 + Level 12.3 Conjurations
 - Level 3.0 Hexes
 - Level 3.0 Translocations


You had 24 spell levels left.
You knew the following spells:

 Your Spells              Type           Power      Damage    Failure   Level
a - Magic Dart            Conj           100%       1d8       0%          1
b - Searing Ray           Conj           100%       2d8       1%          2
c - Fulminant Prism       Conj/Hex       28%        3d13      1%          4
x - Iskenderun's Mystic   Conj/Tloc      57%        2d12      1%          4

Your spell library contained the following spells:

 Spells                   Type           Power      Damage    Failure   Level
 Shock                    Conj/Air       100%       1d9       1%          1
 Sting                    Tmut/Pois      72%        1d6       1%          1
 Blink                    Tloc           70%        N/A       1%          2
 Cigotuvi's Dreadful Rot  Necr/Pois/Air  54%        N/A       1%          2
 Momentum Strike          Conj/Tloc      100%       3d10      1%          2
 Poisonous Vapours        Pois/Air       54%        N/A       1%          2
 Static Discharge         Conj/Air       100%       2-7/arc   1%          2
 Dazzling Flash           Conj/Hex       100%       N/A       1%          3
 Lesser Beckoning         Tloc           70%        N/A       1%          3
 Mephitic Cloud           Conj/Pois/Air  58%        N/A       1%          3
 Vhi's Electric Charge    Tloc/Air       80%        N/A       1%          3
 Arcjolt                  Conj/Air       34%        1d44      2%          5
 Irradiate                Conj/Tmut      26%        3d20      2%          5
 Lightning Bolt           Conj/Air       34%        1d51      2%          5
 Ozocubu's Armour         Ice            18%        N/A       3%          3
 Olgreb's Toxic Radiance  Pois           18%        N/A       12%         4
 Blade Hands              Tmut           9%         N/A       32%         5
 Dragon Form              Tmut           9%         N/A       100%        7
 Ozocubu's Refrigeration  Ice            9%         4d9       100%        7


Dungeon Overview and Level Annotations

Branches:
Dungeon (10/15)            Temple (1/1) D:5
   Lair: D:8-11         Orc: D:9-12

Altars:
Ashenzari
Cheibriados
Dithmenos
Elyvilon
Fedhas
Gozag
Hepliaklqana
Kikubaaqudgha
Makhleb
Nemelex Xobeh
Okawaru
Qazlal
Ru
Sif Muna
Trog
Uskayaw
Vehumet
Wu Jian
Xom
Yredelemnul
Zin
The Shining One

Shops:
D:3 [(::

Annotations:
D:7 3 runed translucent doors, lunkers's ghost, novice MeCA


Message History

There is an open door here.
A two-headed ogre comes into view.
It is wielding a +0 giant spiked club and a +0 giant club.
A two-headed ogre is nearby!
A two-headed ogre is nearby!
A two-headed ogre is nearby!
A two-headed ogre is nearby!
You conjure a prism of explosive energy!
A fulminant prism comes into view.
You now have 24/28 mp.
The two-headed ogre shouts in stereo!
Your fulminant prism crackles loudly.
The blast of energy engulfs the two-headed ogre!!
You conjure a prism of explosive energy!
A fulminant prism comes into view.
You now have 21/28 mp.
The two-headed ogre hits your fulminant prism with a +0 giant spiked club!
You conjure a prism of explosive energy!
A fulminant prism comes into view.
You now have 18/28 mp.
Your fulminant prism crackles loudly.
The blast of energy engulfs the two-headed ogre!
You conjure a prism of explosive energy!
A fulminant prism comes into view.
You now have 15/28 mp.
Your fulminant prism crackles loudly.
The blast of energy engulfs the two-headed ogre!!
You kill the two-headed ogre!
Vehumet accepts your kill.
Your Spellcasting skill increases to level 13!
Things that are here:
a +0 giant spiked club; a +0 giant club You now have 482 gold pieces (gained 13).
s - 74 stones (gained 7)
There is a stone staircase leading up here.
You open the door.
There is a stone staircase leading up here.
Partly explored, can't reach some places.
Partly explored, can't reach some places.
MP restored: 29 Partly explored, can't reach some places.
Partly explored, can't reach some places.
Partly explored, can't reach some places.
Partly explored, can't reach some places.
Okay, then.
Unknown command.
Partly explored, can't reach some places.
Partly explored, can't reach some places.
Partly explored, can't reach some places.
(D) Dungeon (T) Temple
Where to? (Enter - D:9, ? - help)
There is a stone staircase leading up here.
There is a stone staircase leading down here.
You climb downwards.
You hear the roar of battle.
There is an entrance to a bailey on this level.
Hurry and find it before the portal closes forever!
The yak bellows!
The centaur warrior shouts!
Found a wand of roots (4) and a potion of magic.
Found an escape hatch in the floor.
There is a stone staircase leading up here.
You conjure a prism of explosive energy!
The troll shouts!
A fulminant prism comes into view.
The centaur warrior wields a +0 longbow.
The centaur warrior shoots an arrow.
The arrow hits your fulminant prism!
A yak comes into view.
You now have 25/29 mp.
The centaur warrior shoots an arrow.
The arrow hits your fulminant prism!!
A yak comes into view. x2
The yak bellows!
You conjure a prism of explosive energy!
A fulminant prism comes into view.
The centaur warrior shoots an arrow.
The arrow hits your fulminant prism!!
The centaur warrior shoots an arrow.
The arrow barely misses you.
A yak comes into view.
You now have 21/29 mp.
You conjure a prism of explosive energy!
A fulminant prism comes into view.
The centaur warrior shoots an arrow.
The arrow hits you.
A yak comes into view.
You take 6 damage, and have 44/50 hp.
You now have 18/29 mp.
You erupt in a blast of force!
The mystic blast hits the wraith!
The wraith is knocked back by the mystic blast.
The mystic blast hits the troll!
The troll is knocked back by the mystic blast.
The troll collides with the yak!
The centaur warrior shoots an arrow.
The arrow misses you.
Your fulminant prism crackles loudly.
You now have 14/29 mp.
You erupt in a blast of force!
The mystic blast hits the troll!
The troll is knocked back by the mystic blast.
The troll collides with the yak!
You kill the troll!
Vehumet accepts your kill.
You feel your power returning.
The troll leather armour is intact enough to wear.
The centaur warrior shoots an arrow.
The arrow hits you!!
The blast of energy engulfs the centaur warrior!
The blast of energy engulfs you!!
Ouch! That really hurt!
You die...

+## #..........
....#.!......Y.
....#...#..Y...
........#.Y....
.........YYY...
/........[..#
...>........#
....W..@....#
...###....c.#
........#
..........#
............#
............#
.............
..............


You could see a centaur warrior, 6 yaks and a wraith.

Vanquished Creatures
  Erica (D:8)
  A two-headed ogre (D:9)
  Psyche (D:8)
  A troll (D:10)
  A wraith (D:9)
  A wyvern (D:7)
  Eustachio (D:6)
  A steam dragon (D:8)
  Menkaure (D:5)
  2 sky beasts
  2 black bears (D:6)
  An orc warrior (D:8)
  2 ice beasts (D:7)
  An ogre (D:6)
  A centaur (D:8)
  A phantom (D:5)
  2 bullfrogs
  Blork the orc (D:6)
  3 scorpions
  8 wights (D:8)
  6 killer bees (D:9)
  3 howler monkeys
  2 orc priests
  A hound (D:5)
  4 jellies
  3 iguanas
  Terence (D:3)
  Natasha (thrice) (D:3)
  3 adders
  3 gnolls (D:5)
  3 shadow imps
  2 white imps
  2 ufetubi (D:6)
  5 worms
  A dart slug (D:1)
  17 orcs
  4 endoplasms
  2 giant cockroaches
  5 goblins
  8 hobgoblins
  3 jackals (D:1)
  8 kobolds
  4 quokkas
  7 ball pythons
  5 bats
  4 frilled lizards
  5 rats
  A fulminant prism (D:8)
148 creatures vanquished.

Vanquished Creatures (others)
  A jelly (D:5)
  32 fulminant prisms
33 creatures vanquished.

Grand Total: 181 creatures vanquished

Notes
Turn   | Place    | Note
-------+----------+-------------------------------------------
     0 | D:1      | OTABOTABOTAB the Deep Elf Conjurer began the quest for the
                  | Orb.
     0 | D:1      | Reached XP level 1. HP: 10/10 MP: 6/6
   278 | D:1      | Reached XP level 2. HP: 15/15 MP: 5/8
   369 | D:1      | Learned a level 2 spell: Searing Ray
   450 | D:1      | Reached skill level 5 in Conjurations
  1057 | D:2      | Identified the +1 mace "Mycriunudu" {flame, Dex+2}
  1107 | D:2      | Found a faded altar of an unknown god.
  1135 | D:2      | Reached XP level 3. HP: 19/19 MP: 1/10
  1876 | D:3      | Noticed Natasha
  1878 | D:3      | Killed Natasha
  1879 | D:3      | Reached skill level 4 in Spellcasting
  1879 | D:3      | Reached XP level 4. HP: 24/24 MP: 8/12
  1981 | D:3      | Found the +5 robe of Misfortune {Harm *Corrode *Slow EV+5}
  1992 | D:3      | Noticed Terence
  1997 | D:3      | Killed Terence
  1998 | D:3      | Reached skill level 6 in Conjurations
  2086 | D:3      | Found Miwemygi's Book Shoppe.
  2172 | D:3      | Noticed Natasha
  2177 | D:3      | Killed Natasha
  2259 | D:3      | Reached XP level 5. HP: 28/28 MP: 11/14
  2316 | D:3      | Learned a level 4 spell: Iskenderun's Mystic Blast
  2323 | D:3      | Learned a level 4 spell: Fulminant Prism
  2385 | D:3      | Found Zysky's Armour Emporium.
  2460 | D:3      | Found Ygomaxt's Book Shop.
  2534 | D:3      | Noticed Natasha
  2538 | D:3      | Killed Natasha
  2582 | D:3      | Found Istrosul's Antique Weapon Shop.
  2639 | D:3      | Found a snail-covered altar of Cheibriados.
  2639 | D:3      | Found an iron altar of Okawaru.
  2843 | D:4      | Reached skill level 5 in Spellcasting
  2843 | D:4      | Reached skill level 1 in Hexes
  2843 | D:4      | Reached skill level 1 in Translocations
  3023 | D:4      | Identified the +1 leather armour "Jotweho" {Int+3 Dex+3}
  3665 | D:5      | Entered Level 5 of the Dungeon
  3761 | D:5      | Reached skill level 2 in Hexes
  3761 | D:5      | Reached XP level 6. HP: 32/32 MP: 8/15
  3865 | D:5      | Noticed Menkaure
  3873 | D:5      | Killed Menkaure
  3874 | D:5      | Reached skill level 2 in Translocations
  3910 | D:5      | Reached skill level 3 in Hexes
  4038 | D:5      | Found a staircase to the Ecumenical Temple.
  4048 | Temple   | Entered the Ecumenical Temple
  4374 | Temple   | Became a worshipper of Vehumet
  4488 | D:5      | Reached skill level 6 in Spellcasting
  4488 | D:5      | Reached skill level 7 in Conjurations
  4488 | D:5      | Reached XP level 7. HP: 36/36 MP: 10/18
  5096 | D:6      | Noticed Blork the orc
  5131 | D:6      | Killed Blork the orc
  5132 | D:6      | Reached skill level 3 in Translocations
  5141 | D:6      | Noticed Eustachio
  5240 | D:6      | Killed Eustachio
  5241 | D:6      | Reached skill level 7 in Spellcasting
  5250 | D:6      | Reached skill level 8 in Conjurations
  5475 | D:6      | Reached XP level 8. HP: 26/41 MP: 4/21
  6100 | D:6      | Reached skill level 8 in Spellcasting
  6370 | D:6      | Reached skill level 9 in Conjurations
  6624 | D:7      | Found a runed translucent gate.
  6624 | D:7      | Found a runed translucent gate.
  6624 | D:7      | Found an opulent altar of Gozag.
  6624 | D:7      | Found a runed translucent gate.
  6626 | D:7      | Noticed lunkers's ghost (novice MeCA)
  6627 | D:7      | Noticed a green ugly thing
  6634 | D:7      | Reached skill level 9 in Spellcasting
  7073 | D:7      | Reached * piety under Vehumet
  7073 | D:7      | Offered knowledge of Shock by Vehumet.
  7206 | D:7      | Reached skill level 10 in Spellcasting
  7427 | D:8      | Reached skill level 10 in Conjurations
  7427 | D:8      | Reached XP level 9. HP: 18/45 MP: 12/25
  7632 | D:8      | Reached skill level 11 in Spellcasting
  7781 | D:8      | Noticed Erica
  7800 | D:8      | HP: 3/45 [something (10)]
  7807 | D:8      | Killed Erica
  7808 | D:8      | Reached skill level 11 in Conjurations
  8101 | D:8      | Reached skill level 12 in Spellcasting
  8249 | D:8      | Noticed Psyche
  8256 | D:8      | Killed Psyche
  9319 | D:9      | Reached XP level 10. HP: 43/50 MP: 8/28
  9576 | D:9      | Reached skill level 12 in Conjurations
  9897 | D:9      | Noticed a two-headed ogre
  9913 | D:9      | Killed a two-headed ogre
  9914 | D:9      | Reached skill level 13 in Spellcasting
 10214 | D:10     | Entered Level 10 of the Dungeon
 10214 | D:10     | Noticed a centaur warrior
 10220 | D:10     | Killed by an exploding fulminant prism

Illustrated notes

Levels and vault maps discovered:
D:1:      sevenhm_arrival_forest_fort_large_1, layout_rooms
D:2:      layout_loops_ring, hellmonk_ecumenical_altar_run_dry, minmay_3d_cube
D:3:      layout_rooms, gammafunk_temple_overflow_statue, serial_shops,
          nicolae_lakefront_shop, nicolae_shop_hallway_stairs,
          nicolae_shop_statue_plus, nicolae_shop_behind_doors, uniq_terence,
          uniq_natasha
D:4:      layout_gridville
D:5:      layout_basic, minmay_temple_entry_junction_2,
          hangedman_decor_diamond_cutter, lemuel_flame_loot_1, uniq_menkaure
D:6:      layout_basic, uniq_blork_the_orc, uniq_eustachio
D:7:      layout_cave_pools, ebering_ghost_gozag, st_stairs_3,
          minmay_misc_feat_plants
D:8:      layout_cave_pods, kennysheep_donut, uniq_psyche, uniq_erica
D:9:      layout_loops_corners, serial_glass, glass_columns_c, glass_columns_c,
          evilmike_minifort
D:10:     layout_basic, lair_entry_dummy, enter_bailey_5, uniq_lodul
Temple:   mainiacjoe_temple_cubbyholes

Skill      XL: |  1  2  3  4  5  6  7  8  9 10 |
---------------+-------------------------------+-----
Conjurations   | 5 6 7 8 10 11 12 | 12.3
Spellcasting   | 4 5 6 7 10 12 13 | 13.2
Hexes          | 2 3 |  3.0
Translocations | 1 2 3 |  3.0
Dodging        | |  2.4
Stealth        | |  2.4

Action                   |  1- 3 |  4- 6 |  7- 9 | 10-12 || total
-------------------------+-------+-------+-------+-------++-------
Melee: Hand axe          |     7 |       |       |       ||     7
       Unarmed           |     1 |       |       |       ||     1
       Staff             |       |     2 |       |       ||     2
 Cast: Magic Dart        |    64 |    64 |    73 |       ||   201
       Searing Ray       |     2 |    17 |    32 |       ||    51
       Fulminant Prism   |       |       |    25 |     8 ||    33
       Iskenderun's Myst |       |       |    23 |     8 ||    31
  Use: Scroll            |       |       |    20 |       ||    20
       Potion            |       |       |     3 |       ||     3
Armor: Robe              |       |     2 |     1 |       ||     3
Dodge: Dodged            |    18 |     7 |     8 |     4 ||    37

Table legend: (Time is in decaauts)
 A = Elapsed time spent in this place.
 B = Non-inter-level travel time spent in this place.
 C = Inter-level travel time spent in this place.
 D = Time resting spent in this place.
 E = Time spent auto-exploring this place.
 F = Levels seen in this place.
 G = Mean time per level.
                   A        B        C        D        E       F      G
               +--------+--------+--------+--------+--------+-----+--------+
         Total |  10270 |   9955 |    315 |   1575 |   7535 |  11 |  933.6 |
       Dungeon |   9913 |   9663 |    250 |   1575 |   7246 |  10 |  991.3 |
        Temple |    356 |    291 |     65 |      0 |    289 |   1 |  356.0 |
               +--------+--------+--------+--------+--------+-----+--------+

Top non-repeatable levels by time:
     D:8: 1498 daAuts
     D:5: 1402 daAuts
     D:9: 1210 daAuts
     D:6: 1202 daAuts
     D:1: 1037 daAuts
     D:4: 949 daAuts
     D:7: 924 daAuts
     D:2: 843 daAuts
     D:3: 838 daAuts
  Temple: 356 daAuts
    D:10: 5 daAuts

Table legend:
 A = Kills in this place as a percentage of kills in entire the game.
 B = Kills by you in this place as a percentage of kills by you in the entire game.
 C = Kills by friends in this place as a percentage of kills by friends in the entire game.
 D = Other kills in this place as a percentage of other kills in the entire game.
 E = Experience gained in this place as a percentage of experience gained in the entire game.
 F = Experience gained in this place divided by the number of levels of this place that you have seen.
                   A       B       C       D       E      F
               +-------+-------+-------+-------+-------+----------------------
         Total | 100.0 | 100.0 |   N/A | 100.0 | 100.0 | 643.7
       Dungeon | 100.0 | 100.0 |   N/A | 100.0 | 100.0 | 708.1
               +-------+-------+-------+-------+-------+----------------------
